Map: Central Protocol

Players

Serral

  • Race: Zerg Zerg
  • League: Grandmaster

Lambo - Winner!

  • Race: Zerg Zerg
  • League: Grandmaster

Event: 2016 WCS Winter Challenger Europe

VOD

Have the link to the VOD?

Description

Time

  • Played on: Feb. 13, 2016, 1:25 p.m.
  • Length: 11:16

All games in this series

Show
View Real Time Build Order
Export as new Build Order

Serral Zerg 

Build Orders: Pool First 

Get SALT Encoding   

  12  0:00  Drone  
  13  0:12  Overlord  
  13  0:17  Drone  
  14  0:30  Drone x2  
  14  0:34  Drone  
  17  0:37  Extractor  
  16  0:45  Drone  
  17  0:50  Spawning Pool  
  17  0:55  Drone  
  17  1:06  Drone  
  18  1:17  Drone  
  19  1:24  Hatchery  
  18  1:36  Queen  
  20  1:41  Metabolic Boost  
  20  1:45  Drone  
  21  1:52  Overlord  
  21  2:00  Baneling Nest  
  20  2:02  Zergling x2  
  20  2:05  Drone  
  22  2:13  Spine Crawler  
  21  2:16  Zergling x2  
  21  2:21  Zergling x2  
  23  2:24  Queen  
  26  2:32  Zergling x2  
  26  2:43  Baneling x3  
  26  2:45  Zergling x8  
  26  2:49  Baneling  
  30  2:59  Overlord  
  29  3:11  Baneling  
  29  3:12  Zergling x2  
  28  3:17  Overlord  
  28  3:21  Zergling x6  
  31  3:32  Hatchery  
  30  3:40  Drone  
  31  3:44  Baneling  
  31  3:45  Drone x2  
  33  3:48  Drone  
  34  4:02  Overlord  
  34  4:14  Roach Warren  
  34  4:15  Drone x2  
  34  4:19  Drone x2  
  35  4:31  Drone  
  35  4:35  Zergling x2  
  32  4:42  Drone x3  
  34  4:47  Drone x2  
  35  4:56  Zergling x2  
  35  4:57  Zergling x2  
  37  5:01  Evolution Chamber  
  37  5:03  Baneling x2  
  36  5:07  Zergling x4  
  36  5:12  Drone x2  
  40  5:14  Drone  
  40  5:16  Lair  
  40  5:18  Drone x2  
  43  5:21  Drone  
  43  5:22  Drone  
  43  5:24  Extractor  
  43  5:27  Zerg Missile Weapons Level 1  
  44  5:30  Drone  
  44  5:31  Drone  
  44  5:34  Drone  
  47  5:40  Drone x2  
  49  5:47  Drone x4  
  49  5:48  Drone  
  54  5:51  Extractor  
  53  6:00  Hatchery  
  52  6:09  Overlord x3  
  52  6:13  Roach  
  52  6:14  Roach  
  52  6:17  Glial Reconstitution  
  56  6:21  Overseer  
  56  6:23  Roach x2  
  60  6:35  Drone x2  
  60  6:36  Drone x4  
  65  6:41  Drone  
  65  6:45  Drone x2  
  65  6:46  Drone  
  69  6:49  Ravager x4  
  69  6:51  Overlord  
  69  6:52  Drone x2  
  74  7:01  Drone  
  74  7:07  Overlord  
  73  7:09  Drone  
  73  7:14  Overlord  
  74  7:16  Roach  
  74  7:20  Roach  
  74  7:21  Queen  
  80  7:23  Roach x6  
  80  7:25  Extractor  
  91  7:36  Roach x2  
  95  7:42  Roach x2  
  99  7:46  Roach  
  99  7:47  Spine Crawler  
  99  7:48  Roach  
  102  7:51  Zerg Missile Weapons Level 2  
  102  7:54  Roach x2  
  112  8:00  Overlord  
  112  8:01  Overlord, Roach  
  114  8:12  Overlord x2  
  114  8:13  Extractor  
  114  8:16  Roach  
  114  8:17  Roach x2  
  113  8:21  Roach x4  
  113  8:22  Roach x3  
  113  8:23  Drone x2  
  129  8:28  Drone  
  129  8:32  Overlord  
  129  8:33  Overlord x2  
  130  8:35  Extractor  
  130  8:37  Overlord  
  129  8:41  Drone x2  
  129  8:42  Roach  
  129  8:43  Ravager  
  129  8:45  Overlord  
  134  8:50  Overlord  
  134  8:51  Drone x3  
  134  8:54  Roach x3  
  134  8:55  Roach  
  145  8:59  Drone  
  145  9:00  Hydralisk Den  
  147  9:02  Roach x2  
  141  9:19  Roach x4  
  141  9:22  Hatchery  
  148  9:31  Overlord x2, Muscular Augments  
  148  9:32  Overlord  
  148  9:38  Roach x3  
  154  9:41  Ravager x3  
  154  9:42  Ravager  
  158  9:46  Overlord  
  158  9:50  Roach x3  
  158  9:51  Roach  
  166  9:59  Ravager  
  167  10:00  Roach x3  
  167  10:01  Roach  
  167  10:05  Ravager x2  
  175  10:09  Roach  
  175  10:10  Roach x3  
  173  10:19  Roach x2  
  173  10:20  Roach x4  
  138  10:28  Roach  
  138  10:29  Roach x3  
  138  10:33  Roach x2  
  138  10:34  Roach  
  129  10:47  Roach  
  129  10:48  Roach x5  
  111  10:53  Roach x3  
Show
View Real Time Build Order
Export as new Build Order

Lambo Zerg - Winner!

Build Orders: Pool First 

Get SALT Encoding   

  12  0:01  Drone  
  13  0:22  Spawning Pool  
  13  0:25  Drone  
  13  0:30  Extractor  
  13  0:32  Drone  
  13  0:39  Drone  
  14  0:44  Overlord  
  14  1:09  Zergling x4  
  14  1:10  Zergling x2  
  17  1:11  Queen  
  19  1:21  Zergling x2  
  20  1:30  Zergling x2  
  20  1:32  Metabolic Boost  
  21  1:43  Overlord  
  21  1:54  Baneling Nest, Zergling x2  
  21  2:09  Zergling x2  
  22  2:16  Drone  
  22  2:22  Drone x3  
  26  2:39  Baneling x2  
  26  2:45  Hatchery  
  25  2:52  Drone x2  
  27  3:07  Drone  
  27  3:08  Drone  
  27  3:11  Zergling x2  
  29  3:18  Extractor, Queen  
  29  3:19  Overlord  
  31  3:38  Drone x3  
  31  3:40  Drone  
  34  3:42  Baneling x2  
  34  3:51  Drone  
  35  3:59  Drone x2  
  35  4:00  Baneling x2  
  37  4:03  Drone x3  
  37  4:08  Overlord  
  40  4:12  Drone  
  41  4:19  Baneling x2  
  40  4:36  Drone x6  
  46  4:39  Drone x3  
  48  4:49  Evolution Chamber  
  48  4:51  Zergling x2  
  48  4:52  Hatchery  
  47  4:57  Roach Warren  
  47  4:59  Extractor  
  45  5:01  Drone x2  
  45  5:03  Extractor  
  46  5:13  Drone x6  
  50  5:19  Overlord  
  49  5:23  Zerg Missile Weapons Level 1  
  49  5:34  Lair  
  48  5:37  Zergling x2  
  48  5:38  Zergling x4, Roach x4  
  59  5:43  Overlord  
  59  5:44  Baneling  
  59  6:00  Queen  
  61  6:05  Drone x5  
  61  6:09  Drone x5  
  71  6:13  Drone x3  
  74  6:23  Overlord  
  74  6:24  Overlord  
  74  6:25  Overlord  
  74  6:27  Extractor  
  73  6:41  Glial Reconstitution  
  73  6:42  Roach x5  
  73  6:44  Overseer  
  82  6:50  Roach x7  
  94  7:06  Roach  
  94  7:07  Roach  
  98  7:09  Overlord x2  
  98  7:15  Overlord x3  
  98  7:16  Evolution Chamber  
  98  7:17  Drone  
  98  7:20  Overlord  
  98  7:28  Overlord  
  98  7:29  Overlord  
  98  7:32  Overlord  
  98  7:37  Overlord  
  98  7:38  Roach x5  
  98  7:40  Zerg Missile Weapons Level 2  
  98  7:41  Zerg Ground Armor Level 1  
  108  7:45  Roach x2  
  108  7:50  Drone x4  
  116  7:54  Drone x3  
  116  7:58  Drone  
  120  7:59  Extractor  
  120  8:02  Roach x2  
  122  8:07  Roach  
  122  8:08  Roach x2  
  128  8:15  Overlord  
  128  8:24  Overlord  
  128  8:29  Drone  
  128  8:30  Roach x4  
  128  8:33  Ravager  
  141  8:34  Ravager x3  
  141  8:36  Hatchery  
  141  8:39  Roach  
  141  8:40  Roach x2  
  146  8:44  Roach x3  
  152  8:52  Roach x2  
  152  8:53  Roach x2  
  158  9:06  Roach x8  
  174  9:16  Roach x3  
  174  9:17  Roach x2  
  183  9:18  Overlord  
  183  9:23  Pneumatized Carapace  
  183  9:28  Overlord  
  183  9:29  Roach  
  185  9:40  Roach x4  
  193  9:46  Roach x3  
  192  10:20  Roach  
  192  10:21  Roach x15  
  186  10:29  Roach x5  
  186  10:34  Roach  
  174  10:43  Roach x4  
  174  10:44  Roach x2  
  159  10:50  Roach x5  
  159  10:51  Roach x3  
  157  11:11  Ravager x3  
Tags
 
Add a new tag
Caveats
  • Supply blocks, unpowered buildings, or Contaminate may cause inaccurate times.
  • Supply counts are checked every 10 seconds.